 Dungeon Crawl Stone Soup version 0.18.1-48-g4cf74bf (webtiles) character file.

1093 Alarkh the Basher (level 8, -2/56 HPs)
             Began as a Mummy Skald on Sept 11, 2016.
             Shot with an arrow by a centaur (11 damage)
             ... on level 6 of the Dungeon.
             The game lasted 00:09:20 (5664 turns).

Alarkh the Basher (Mummy Skald)                     Turns: 5664, Time: 00:09:21

Health: -2/56      AC: 10    Str: 17    XL:     8   Next: 9%
Magic:  8/11       EV: 11    Int: 14    God:
Gold:   220        SH:  3    Dex: 11    Spells: 3 memorised, 5 levels left

rFire  x . .     SeeInvis .     a - +0 mace
rCold  + . .     Gourm    .     b - +0 leather armour
rNeg   + + +     Faith    .     (no shield)
rPois  ∞         Spirit   .     f - +0 helmet
rElec  .         Dismiss  .     g - +1 cloak
rCorr  .         Reflect  +     i - +2 pair of gloves
SustAt .         Harm     .     n - +0 pair of boots
MR     +....                    t - +3 amulet of reflection
Stlth  +.........               (no ring)
                                s - +2 ring of strength

@: about to teleport, very slightly contaminated, somewhat resistant to hostile
enchantments, very unstealthy
A: no food or potions, fire vulnerability, cold resistance 1, negative energy
resistance 3, torment resistance, unbreathing
a: no special abilities


You were on level 6 of the Dungeon.
You were not hungry.

You visited 1 branch of the dungeon, and saw 6 of its levels.

You collected 220 gold pieces.

Inventory:

Hand Weapons
 a - a +0 mace (weapon)
Armour
 b - a +0 leather armour (worn)
 f - a +0 helmet (worn)
 g - a +1 cloak (worn)
 i - a +2 pair of gloves (worn)
 n - a +0 pair of boots (worn)
Jewellery
 s - a +2 ring of strength (left hand)
 t - a +3 amulet of reflection (around neck)
Wands
 l - a wand of lightning (0/15)
Scrolls
 d - 2 scrolls of immolation
 h - 2 scrolls of remove curse
 j - a scroll of amnesia
 k - a scroll of recharging
 m - a scroll of teleportation
 o - a scroll of noise {unknown}
 p - a scroll of enchant weapon {unknown}
Books
 c - a book of Battle

   Spells                             Type                      Level
   a - Infusion                       Charms                       1
   b - Shroud of Golubria             Charms/Translocation         2
   c - Song of Slaying                Charms                       2
   d - Spectral Weapon                Hexes/Charms                 3
   e - Regeneration                   Charms/Necromancy            3
 q - a Grand Grimoire

   Spells                             Type                      Level
   a - Monstrous Menagerie            Summoning                    7
   b - Summon Greater Demon           Summoning                    7
   c - Malign Gateway                 Summoning/Translocation      7
   d - Summon Horrible Things         Summoning                    8
 r - a book of the Dragon

   Spells                             Type                      Level
   a - Flame Tongue                   Conjuration/Fire             1
   b - Cause Fear                     Hexes                        4
   c - Bolt of Fire                   Conjuration/Fire             6
   d - Dragon Form                    Transmutation                7
   e - Dragon's Call                  Summoning                    9
 u - a book of Party Tricks

   Spells                             Type                      Level
   a - Summon Butterflies             Summoning                    1
   b - Apportation                    Translocation                1
   c - Tukima's Dance                 Hexes                        3
   d - Alistair's Intoxication        Transmutation/Poison         5
   e - Invisibility                   Hexes                        6


   Skills:
 - Level 2.0 Fighting
 + Level 8.1 Maces & Flails
 - Level 0.7 Armour
 - Level 0.7 Dodging
 - Level 2.0 Spellcasting
 - Level 2.4 Charms


You had 5 spell levels left.
You knew the following spells:

 Your Spells              Type           Power        Failure   Level  Hunger
a - Infusion              Chrm           #...         14%         1    N/A
c - Spectral Weapon       Hex/Chrm       #.......     58%         3    N/A
e - Shroud of Golubria    Chrm/Tloc      #.........   28%         2    N/A

Dungeon Overview and Level Annotations

Branches:
Dungeon (6/15)
 Temple: D:4-7

Altars:
Gozag
Yredelemnul
Zin

Shops:
D:4 =

Portals:
Ossuary: D:6

Annotations:
D:2 1 exclusion, Crazy Yiuf
D:4 1 runed door
D:5 1 runed door, Duvessa
D:6 Edmund


Innate Abilities, Weirdness & Mutations

You do not eat or drink.
Your flesh is vulnerable to fire.
You are immune to poison.
Your flesh is cold resistant.
You are immune to negative energy.
You are immune to unholy pain and torment.
You can survive without breathing.


Message History

You see here an arrow.
You hear the brisk hiss of a very distant avalanche of sand.
You see here an arrow.
A centaur comes into view.
The centaur wields a shortbow.
The centaur shoots an arrow.
The arrow hits you but does no damage.
You see here an arrow.
The centaur shoots an arrow.
The arrow hits you but does no damage.
You see here an arrow.
The centaur shoots an arrow.
The arrow hits you.
You see here an arrow.
The centaur shoots an arrow.
The arrow hits you!
* * * LOW HITPOINT WARNING * * *
Edmund says, "You wouldn't believe how much I paid for this flail."
Unknown command.
Read which item? (? for menu, Esc to quit)
As you read the scroll labeled EWNEKLUCLA, it crumbles to dust.
You feel strangely unstable.
It was a scroll of teleportation.
The centaur shoots an arrow.
The arrow hits you!
You die...

#......<.#
###(#####............
#.##.###.# #...# #.........###
#.##.###)# ###.# #......######.
#.##..##.# #.# ##......†.....
#.###.##.# #.# ####...#####
#........# ##(# ##.....##
#.###.#### ##.@# ##.......##
...##.########..(####.........#
....!.%.........@...+.........+
...##.########....###.........#
#.###.# #.c.....##.......##
#####.# #........###.....##
......# #........# ##...##
.###### #.##...### ##'## .# #.
#>..# ##.#### .# # #####
#.....# .# #..##.#


You could see Edmund and a centaur.

Vanquished Creatures
  Eustachio (D:6)
  Menkaure (D:5)
  2 ogres (D:5)
  A centaur (D:6)
  A giant frog zombie (D:3)
  2 orc priests (D:4)
  A hound (D:4)
  A jelly (D:5)
  A centaur skeleton (D:4)
  2 iguanas
  2 orc wizards
  4 worker ants
  6 adders
  4 gnolls (D:4)
  2 shadow imps (D:5)
  An ooze (D:1)
  2 worms
  3 dart slugs
  3 giant geckos
  3 orcs (D:4)
  6 bats
  4 giant cockroaches
  14 goblins
  12 hobgoblins
  11 jackals
  A quokka (D:2)
  9 giant newts
  A goblin skeleton (D:5)
  A jackal skeleton (D:4)
  6 kobolds
  6 rats
  2 rat zombies (D:6)
116 creatures vanquished.

Vanquished Creatures (others)
  A spectral weapon (D:6)
1 creature vanquished.

Grand Total: 117 creatures vanquished

Notes
Turn   | Place    | Note
--------------------------------------------------------------
     0 | D:1      | Alarkh the Mummy Skald began the quest for the Orb.
     0 | D:1      | Reached XP level 1. HP: 16/16 MP: 3/3
   276 | D:1      | Reached skill level 2 in Maces & Flails
   555 | D:1      | Reached XP level 2. HP: 22/22 MP: 0/5
  1236 | D:1      | Reached XP level 3. HP: 21/27 MP: 6/6
  1385 | D:1      | Reached skill level 3 in Maces & Flails
  1859 | D:2      | Reached XP level 4. HP: 33/33 MP: 3/7
  2178 | D:2      | Noticed Crazy Yiuf
  2406 | D:2      | Found an opulent altar of Gozag.
  2407 | D:2      | Found a glowing silver altar of Zin.
  2526 | D:3      | Learned a level 2 spell: Shroud of Golubria
  2530 | D:3      | Learned a level 3 spell: Spectral Weapon
  2567 | D:3      | Reached skill level 4 in Maces & Flails
  2667 | D:3      | Reached XP level 5. HP: 31/38 MP: 2/8
  2994 | D:4      | Found Aghaoses's Jewellery Emporium.
  3371 | D:4      | Reached skill level 5 in Maces & Flails
  3488 | D:4      | Reached XP level 6. HP: 36/44 MP: 1/9
  3847 | D:4      | Found a glowing silver altar of Zin.
  3911 | D:4      | Found a runed door.
  3911 | D:4      | Noticed an angel
  4021 | D:4      | Reached skill level 6 in Maces & Flails
  4383 | D:5      | Entered Level 5 of the Dungeon
  4579 | D:5      | Noticed Menkaure
  4633 | D:5      | Killed Menkaure
  4633 | D:5      | Reached XP level 7. HP: 44/50 MP: 0/10
  4794 | D:5      | Reached skill level 7 in Maces & Flails
  5033 | D:5      | Noticed a human
  5035 | D:5      | Found a runed door.
  5038 | D:5      | Found a basalt altar of Yredelemnul.
  5180 | D:5      | Noticed Duvessa
  5399 | D:6      | Noticed Eustachio
  5481 | D:6      | Killed Eustachio
  5481 | D:6      | Reached skill level 8 in Maces & Flails
  5481 | D:6      | Reached XP level 8. HP: 32/56 MP: 4/11
  5580 | D:6      | Found a sand-covered staircase.
  5596 | D:6      | Noticed Edmund
  5664 | D:6      | Shot with an arrow by a centaur

Skill      XL: |  1  2  3  4  5  6  7 |
---------------+----------------------+-----
Maces & Flails | 2 3 4 5 6 8 |  8.1
Fighting       | |  2.0
Armour         | |  0.7
Dodging        | |  0.7
Spellcasting   | |  2.0
Charms         | |  2.4

Action                   |  1- 3 |  4- 6 |  7- 9 || total
-------------------------+-------+-------+-------++-------
Melee: Mace              |   149 |   218 |    73 ||   440
 Cast: Infusion          |    17 |    22 |     2 ||    41
       Spectral Weapon   |       |    11 |     6 ||    17
       Shroud of Golubri |       |     3 |     2 ||     5
Evoke: Wand              |       |       |     6 ||     6
  Use: Scroll            |       |     3 |     3 ||     6
 Stab: Sleeping          |       |     2 |       ||     2
Armor: Leather armour    |    38 |    91 |    69 ||   198
Dodge: Dodged            |   115 |   143 |    70 ||   328
Block: Other             |       |       |    23 ||    23
